 Dungeon Crawl Stone Soup version 0.28.0-47-ge53b351184 (webtiles) character file.

Game seed: 14871427674959528386

88 Bruhh the Magician (level 4, 0/30 HPs)
             Began as a Merfolk Summoner on Apr 27, 2022.
             Slain by an adder (2 damage)
             ... in the Ecumenical Temple.
             The game lasted 00:07:20 (2120 turns).

Bruhh the Magician (Merfolk Summoner)               Turns: 2120, Time: 00:07:22

Health: 0/30       AC:  2    Str:  6 (8)  XL:     4   Next: 53%
Magic:  10/10      EV: 12    Int: 13 (16) God:
Gold:   159        SH:  0    Dex: 12 (14) Spells: 8/11 levels left

rFire   . . .      SeeInvis .   (no weapon)
rCold   . . .      Faith    .   (no shield)
rNeg    . . .      Spirit   .   a - +0 robe
rPois   .          Reflect  .   (no helmet)
rElec   .          Harm     .   (no cloak)
rCorr   .          Rampage  .   (no gloves)
Will    .....                   (no boots)
Stlth   ++........              (no amulet)
HPRegen 0.10/turn               (no ring)
MPRegen 0.12/turn               (no ring)

@: brilliant, lethally poisoned (0 -> -2)
A: (nimble swimmer 2), mertail
a: no special abilities


You were in the Ecumenical Temple.
You visited 2 branches of the dungeon, and saw 4 of its levels.

You collected 159 gold pieces.

Inventory:

Missiles
 i - 4 poisoned darts
Armour
 a - a +0 robe (worn)
Jewellery
 c - a +6 ring of intelligence
Scrolls
 b - a scroll of noise {unknown}
 d - a scroll of teleportation {unknown}
 e - a scroll of brand weapon {unknown}
 f - a scroll of identify {unknown}
 g - a scroll of enchant weapon {unknown}
Potions
 j - a potion of haste


   Skills:
 - Level 2.6 Dodging
 - Level 2.1 Stealth
 + Level 4.3 Spellcasting
 - Level 4.0 Summonings


You had 8 spell levels left.
You knew the following spells:

 Your Spells              Type           Power      Damage    Failure   Level
a - Summon Small Mammal   Summ           76%        N/A       4%          1
b - Call Imp              Summ           19%        N/A       6%          2

Your spell library contained the following spells:

 Spells                   Type           Power      Damage    Failure   Level
 Call Canine Familiar     Summ           19%        N/A       12%         3
 Magic Dart               Conj           16%        1d3       21%         1
 Summon Guardian Golem    Hex/Summ       12%        N/A       26%         3
 Mephitic Cloud           Conj/Pois/Air  4%         N/A       52%         3
 Summon Lightning Spire   Summ/Air       12%        N/A       65%         4


Dungeon Overview and Level Annotations

Branches:
Dungeon (4/15)             Temple (1/1) D:4

Altars:

Annotations:
D:4 Menkaure


Innate Abilities, Weirdness & Mutations

((You are very nimble when in or above water. (Stealth+, EV+, Speed+++)))
Your lower body shifts to a powerful aquatic tail in water.


Message History

The adder bites you but does no damage.
The jackal bites you but does no damage.
The adder closely misses you.
A kobold comes into view. It is wielding a +0 short sword.
The adder completely misses you.
A necrophage comes into view.
Found 33 arrows.
An endoplasm comes into view.
Found 11 gold pieces.
The adder barely misses you.
Found 11 gold pieces.
Found a staircase to the Ecumenical Temple.
A hound comes into view.
An iguana comes into view.
The hound barks!
The adder bites you.
A quokka comes into view.
The hound bites you.
The iguana hisses angrily.
The adder bites you.
You are poisoned.
The adder poisons you! The hound barely misses you.
You feel sick. The hound barely misses you. The iguana bites you.
There is a staircase to the Ecumenical Temple here.
You feel sick. The hound bites you. The adder bites you.
The hound bites you but does no damage. The iguana bites you.
* * * LOW HITPOINT WARNING * * *
The quokka closely misses you. The adder bites you.
* * * LOW HITPOINT WARNING * * *
You climb downwards.
Welcome to the Ecumenical Temple!
* * * LOW HITPOINT WARNING * * *
You feel sick.
There is a staircase back to the Dungeon here.
It was a potion of brilliance.
You feel clever all of a sudden.
* * * LOW HITPOINT WARNING * * *
You feel sick. The hound bites you.
* * * LOW HITPOINT WARNING * * *
The adder bites you.
You die...

##+##
##...##
#.....#
#.....#
#.....#
#.S@h.#
##.rl##
#####


You could see an iguana, a hound, an adder and a quokka.

Vanquished Creatures
  A hobgoblin (D:2)
  2 rats (D:1)
3 creatures vanquished.

Vanquished Creatures (collateral kills)
  4 gnolls
  An adder (D:2)
  2 worms (D:2)
  A dart slug (D:2)
  A bat (D:2)
  2 endoplasms (D:1)
  2 giant cockroaches
  A goblin (D:1)
  A hobgoblin (D:2)
  4 jackals (D:1)
  6 kobolds
  2 ball pythons (D:1)
  A frilled lizard (D:1)
  3 rats
31 creatures vanquished.

Vanquished Creatures (others)
  4 toadstools (D:1)
4 creatures vanquished.

Grand Total: 38 creatures vanquished

Notes
Turn   | Place    | Note
-------+----------+-------------------------------------------
     0 | D:1      | Bruhh the Merfolk Summoner began the quest for the Orb.
     0 | D:1      | Reached XP level 1. HP: 13/13 MP: 3/3
   223 | D:1      | Reached XP level 2. HP: 19/19 MP: 3/5
   584 | D:1      | Learned a level 2 spell: Call Imp
   624 | D:1      | Reached XP level 3. HP: 14/24 MP: 5/7
  1661 | D:2      | Reached XP level 4. HP: 9/30 MP: 7/9
  2078 | D:2      | You fall into a shaft and drop 2 floors!
  2078 | D:4      | Noticed a scorpion
  2078 | D:4      | Noticed Menkaure
  2078 | D:4      | Noticed an ogre
  2080 | D:4      | Noticed an ogre
  2107 | D:4      | Noticed a necrophage
  2110 | D:4      | Found a staircase to the Ecumenical Temple.
  2119 | Temple   | Entered the Ecumenical Temple
  2120 | Temple   | Slain by an adder

Illustrated notes

Levels and vault maps discovered:
D:1:      roderic_dead_forest, layout_basic, hex_tiny, minmay_gold_behind_fungi,
          minivault_25
D:2:      layout_loops_cross
D:4:      layout_basic, minmay_temple_entry_glass, gammafunk_ghost_smash,
          serial_shops, nicolae_stop_n_shop_2,
          minmay_fractal_squares_diagonal_5, uniq_menkaure
Temple:   mainiacjoe_temple_cubbyholes

Skill      XL: |  1  2  3  4 |
---------------+-------------+-----
Spellcasting   | 3 4 |  4.3
Dodging        | |  2.6
Stealth        | |  2.1
Summonings     | |  4.0

Action                   |  1- 3 |  4- 6 || total
-------------------------+-------+-------++-------
Melee: Unarmed           |    45 |       ||    45
       Punch             |     1 |       ||     1
 Cast: Summon Small Mamm |    14 |     2 ||    16
       Call Imp          |    16 |     1 ||    17
  Use: Potion            |       |     4 ||     4
 Stab: Distracted        |     3 |       ||     3
Armor: Robe              |     8 |     4 ||    12
Dodge: Dodged            |    30 |    16 ||    46
